TOP OF THE 1ST |
Northern Virginia Retrievers batting - Pitching for Toledo Titans : RHP Chip Bishop
|
Pitching: RHP Chip Bishop
|
|
Batting: LHB Wayne Akers
|
0-0: Ground out 4-3 (Groundball, 4M)
|
Batting: RHB Bob Heller
|
0-0: Ball 1-0: Ball 2-0: Called Strike 2-1: Foul Ball, location: 2F 2-2: Foul Ball, location: 2F 2-2: Ground out 6-3 (Groundball, 6M)
|
Batting: SHB Ramiro Salazar
|
0-0: Fly out, F9 (Flyball, 9LS)
|
Top of the 1st over - 0 run(s), 0 hit(s), 0 error(s), 0 left on base; Northern Virginia 0 - Toledo 0 |
BOTTOM OF THE 1ST |
Toledo Titans batting - Pitching for Northern Virginia Retrievers : RHP Lou Hartling
|
Pitching: RHP Lou Hartling
|
|
Batting: RHB Anthony Johnston
|
0-0: Swinging Strike 0-1: Swinging Strike 0-2: Ball 1-2: Strikes out swinging
|
Batting: LHB Tony Dyer
|
0-0: Called Strike 0-1: SINGLE (Groundball, 6MD)
|
Batting: RHB Charles Jordan
|
0-0: Fly out, F8 (Flyball, 8LM)
|
Batting: LHB Yannick Hendriksen
|
0-0: Foul Ball, location: 2F 0-1: Ball 1-1: Foul Ball, location: 2F 1-2: Strikes out looking
|
Bottom of the 1st over - 0 run(s), 1 hit(s), 0 error(s), 1 left on base; Northern Virginia 0 - Toledo 0 |
TOP OF THE 2ND |
Northern Virginia Retrievers batting - Pitching for Toledo Titans : RHP Chip Bishop
|
Now in RF: Charles Jordan
|
|
Batting: LHB Keith Bridges
|
0-0: Called Strike 0-1: Ball 1-1: Called Strike 1-2: Strikes out swinging
|
Batting: LHB Bartolo Benítez
|
0-0: Called Strike 0-1: Called Strike 0-2: Ball 1-2: Ball 2-2: Fly out, F6 (Popup, 56D)
|
Batting: LHB Marlon Randall
|
0-0: Foul Ball, location: 2F 0-1: Fly out, F8 (Flyball, 8RD)
|
Top of the 2nd over - 0 run(s), 0 hit(s), 0 error(s), 0 left on base; Northern Virginia 0 - Toledo 0 |
BOTTOM OF THE 2ND |
Toledo Titans batting - Pitching for Northern Virginia Retrievers : RHP Lou Hartling
|
Batting: RHB Juan Orozco
|
0-0: Called Strike 0-1: DOUBLE (Groundball, 5L)
|
Batting: RHB Kade Knowles
|
0-0: Ball 1-0: SINGLE (Flyball, 78S) Juan Orozco to third
|
Batting: LHB Ismael Cabrera
|
0-0: Called Strike 0-1: Called Strike 0-2: Fielders Choice at 2nd, 4-6 (Groundball, 4) Juan Orozco scores
|
Batting: SHB Mustapha Gonzales
|
0-0: Fly out, F3 (Popup, 4S)
|
Batting: LHB Chris West
|
0-0: Ball 1-0: Ball 2-0: Called Strike 2-1: Ball Ismael Cabrera steals 2nd base 3-1: Ground out 3-6 (Groundball, 3)
|
Bottom of the 2nd over - 1 run(s), 2 hit(s), 0 error(s), 1 left on base; Northern Virginia 0 - Toledo 1 |
TOP OF THE 3RD |
Northern Virginia Retrievers batting - Pitching for Toledo Titans : RHP Chip Bishop
|
Batting: RHB Eddie O'Bryan
|
0-0: Called Strike 0-1: Ball 1-1: Reached on Error, E9 (Flyball, 9D)
|
Batting: LHB Rick Watson
|
0-0: Ball 1-0: DOUBLE (Line Drive, 89M) Eddie O'Bryan to third
|
Batting: RHB Jonah Moody
|
0-0: DOUBLE (Groundball, 5L) Eddie O'Bryan scores Rick Watson scores
|
Batting: LHB Wayne Akers
|
0-0: Called Strike 0-1: Swinging Strike 0-2: Foul Ball, location: 2F 0-2: Fly out, F7 (Flyball, 78M)
|
Batting: RHB Bob Heller
|
0-0: Ball 1-0: Ball 2-0: SINGLE (Line Drive, 89S) Jonah Moody to third
|
Batting: SHB Ramiro Salazar
|
0-0: SINGLE (Line Drive, 9S) Jonah Moody scores Bob Heller to second Runner from 2nd tries for 3rd, SAFE, throw made to third Ramiro Salazar to second
|
Batting: LHB Keith Bridges
|
0-0: Ball 1-0: Foul Ball, location: 2F 1-1: Foul Ball, location: 2F 1-2: Ball 2-2: Ball 3-2: Foul Ball, location: 2F 3-2: Foul Ball, location: 2F 3-2: Ground out U3 (Groundball, 3)
|
Batting: LHB Bartolo Benítez
|
0-0: DOUBLE (Flyball, 7LD) Bob Heller scores Ramiro Salazar scores
|
Batting: LHB Marlon Randall
|
0-0: Ball 1-0: Foul Ball, location: 2F 1-1: Ball 2-1: Ball 3-1: Foul Ball, location: 2F 3-2: Foul Ball, location: 2F 3-2: Base on Balls
|
Batting: RHB Eddie O'Bryan
|
0-0: Called Strike 0-1: Ball 1-1: Called Strike 1-2: Ball 2-2: Fly out, F5 (Line Drive, 5L)
|
Top of the 3rd over - 5 run(s), 5 hit(s), 1 error(s), 2 left on base; Northern Virginia 5 - Toledo 1 |
BOTTOM OF THE 3RD |
Toledo Titans batting - Pitching for Northern Virginia Retrievers : RHP Lou Hartling
|
Batting: RHB Anthony Johnston
|
0-0: Foul Ball, location: 2F 0-1: Ball 1-1: Foul Ball, location: 2F 1-2: Ball 2-2: SINGLE (Line Drive, 78M)
|
Batting: LHB Tony Dyer
|
0-0: Called Strike 0-1: Ball 1-1: Called Strike 1-2: Foul Ball, location: 2F 1-2: DOUBLE (Groundball, 3L) Anthony Johnston to third
|
Batting: RHB Charles Jordan
|
0-0: Called Strike 0-1: Ball 1-1: Ground out 6-3 (Groundball, 6) Anthony Johnston scores
|
Batting: LHB Yannick Hendriksen
|
0-0: Ball 1-0: Ball 2-0: Ball 3-0: Called Strike 3-1: SINGLE (Line Drive, 4MD) Tony Dyer to third
|
Batting: RHB Juan Orozco
|
0-0: Ball 1-0: Ball 2-0: Ball 3-0: Called Strike 3-1: Base on Balls Yannick Hendriksen to second
|
Batting: RHB Kade Knowles
|
0-0: Grounds into double play, 6-4-3 (Groundball, 6M)
|
Bottom of the 3rd over - 1 run(s), 3 hit(s), 0 error(s), 2 left on base; Northern Virginia 5 - Toledo 2 |
TOP OF THE 4TH |
Northern Virginia Retrievers batting - Pitching for Toledo Titans : RHP Chip Bishop
|
Pitching: RHP Eric Miller
|
|
Batting: LHB Rick Watson
|
0-0: Called Strike 0-1: DOUBLE (Flyball, 7LM)
|
Batting: RHB Jonah Moody
|
0-0: Foul Ball, location: 2F 0-1: Ball 1-1: Ball 2-1: Swinging Strike 2-2: Ground out 4-3 (Groundball, 4) Rick Watson to third
|
Batting: LHB Wayne Akers
|
0-0: Ball 1-0: Ball 2-0: Ball 3-0: Base on Balls
|
Batting: RHB Bob Heller
|
0-0: Ball 1-0: Fielders Choice at 2nd, 4-6 (Groundball, 4) Rick Watson scores
|
Batting: SHB Ramiro Salazar
|
0-0: Foul Ball, location: 2F 0-1: Ball 1-1: Called Strike 1-2: Strikes out swinging
|
Top of the 4th over - 1 run(s), 1 hit(s), 0 error(s), 1 left on base; Northern Virginia 6 - Toledo 2 |
BOTTOM OF THE 4TH |
Toledo Titans batting - Pitching for Northern Virginia Retrievers : RHP Lou Hartling
|
Batting: LHB Ismael Cabrera
|
0-0: Ball 1-0: Called Strike 1-1: Ground out 4-3 (Groundball, 4)
|
Batting: SHB Mustapha Gonzales
|
0-0: Ball 1-0: Ball 2-0: Ball 3-0: Called Strike 3-1: Base on Balls
|
Batting: LHB Chris West
|
0-0: Swinging Strike 0-1: Called Strike Mustapha Gonzales steals 2nd base 0-2: Fly out, F9 (Line Drive, 89S)
|
Batting: RHB Anthony Johnston
|
0-0: Swinging Strike 0-1: Ball 1-1: Ball 2-1: Ball 3-1: Base on Balls
|
Batting: LHB Tony Dyer
|
0-0: Ball 1-0: Foul Ball, location: 2F 1-1: Ball Wild Pitch! Mustapha Gonzales to third Anthony Johnston to second 2-1: Called Strike 2-2: Foul Ball, location: 2F 2-2: Foul Ball, location: 2F 2-2: Ground out 1-3 (Groundball, 15)
|
Bottom of the 4th over - 0 run(s), 0 hit(s), 0 error(s), 2 left on base; Northern Virginia 6 - Toledo 2 |
TOP OF THE 5TH |
Northern Virginia Retrievers batting - Pitching for Toledo Titans : RHP Eric Miller
|
Batting: LHB Keith Bridges
|
0-0: Ball 1-0: Ball 2-0: Ball 3-0: Base on Balls
|
Batting: LHB Bartolo Benítez
|
0-0: Called Strike 0-1: Ball 1-1: SINGLE (Groundball, 56D) Keith Bridges to second
|
Batting: LHB Marlon Randall
|
0-0: Sac Bunt - play at first, batter OUT! 5-4 Keith Bridges to third Bartolo Benítez to second
|
Batting: RHB Eddie O'Bryan
|
0-0: Ball 1-0: Swinging Strike 1-1: Foul Ball, location: 2F 1-2: Foul Ball, location: 2F 1-2: Strikes out looking
|
Pitching: LHP Brandeis Vogt
|
|
Batting: LHB Rick Watson
|
0-0: Called Strike 0-1: Fly out, F7 (Flyball, 8LS)
|
Top of the 5th over - 0 run(s), 1 hit(s), 0 error(s), 2 left on base; Northern Virginia 6 - Toledo 2 |
BOTTOM OF THE 5TH |
Toledo Titans batting - Pitching for Northern Virginia Retrievers : RHP Lou Hartling
|
Batting: RHB Charles Jordan
|
0-0: Ball 1-0: Ball 2-0: Foul Ball, location: 2F 2-1: Foul Ball, location: 2F 2-2: Foul Ball, location: 2F 2-2: Ball 3-2: Ground out 1-3 (Groundball, 23)
|
Batting: LHB Yannick Hendriksen
|
0-0: Called Strike 0-1: Foul Ball, location: 2F 0-2: Ball 1-2: Foul Ball, location: 2F 1-2: Foul Ball, location: 2F 1-2: Strikes out swinging
|
Batting: RHB Juan Orozco
|
0-0: Foul Ball, location: 2F 0-1: Ball 1-1: Called Strike 1-2: Fly out, F8 (Flyball, 8RM)
|
Bottom of the 5th over - 0 run(s), 0 hit(s), 0 error(s), 0 left on base; Northern Virginia 6 - Toledo 2 |
TOP OF THE 6TH |
Northern Virginia Retrievers batting - Pitching for Toledo Titans : LHP Brandeis Vogt
|
Batting: RHB Jonah Moody
|
0-0: Ball 1-0: SINGLE (Flyball, 89S)
|
Batting: LHB Wayne Akers
|
0-0: Bunted foul 0-1: Bunt - Flyout! F2
|
Batting: RHB Bob Heller
|
0-0: SINGLE (Groundball, 6MD) Jonah Moody to second Runner from 2nd tries for 3rd, SAFE, throw made to third
|
Batting: SHB Ramiro Salazar
|
0-0: Called Strike 0-1: Foul Ball, location: 2F 0-2: SINGLE (Groundball, 6M) Jonah Moody scores Bob Heller to second
|
Batting: LHB Keith Bridges
|
0-0: Ball 1-0: Swinging Strike 1-1: Foul Ball, location: 2F 1-2: Foul Ball, location: 2F 1-2: Ball 2-2: Ball 3-2: Foul Ball, location: 2F 3-2: Base on Balls Bob Heller to third Ramiro Salazar to second
|
Batting: LHB Bartolo Benítez
|
0-0: Ball 1-0: SINGLE (Groundball, 5L) Bob Heller scores Ramiro Salazar to third Keith Bridges to second Runner from 3rd tries for Home, throw and OUT!
|
Pitching: RHP Ryoichi Maruyama
|
|
Batting: LHB Marlon Randall
|
0-0: Called Strike 0-1: Foul Ball, location: 2F 0-2: Strikes out swinging
|
Top of the 6th over - 2 run(s), 4 hit(s), 0 error(s), 2 left on base; Northern Virginia 8 - Toledo 2 |
BOTTOM OF THE 6TH |
Toledo Titans batting - Pitching for Northern Virginia Retrievers : RHP Lou Hartling
|
Batting: RHB Kade Knowles
|
0-0: Ball 1-0: Swinging Strike 1-1: Ball 2-1: Fly out, F8 (Flyball, 8LM)
|
Batting: LHB Ismael Cabrera
|
0-0: Ball 1-0: SINGLE (Line Drive, 4MD)
|
Pitching: RHP Natalino Golaio
|
|
Batting: SHB Mustapha Gonzales
|
0-0: Called Strike 0-1: Ball 1-1: Foul Ball, location: 2F 1-2: Ball 2-2: Foul Ball, location: 2F 2-2: Grounds into double play, 6-4-3 (Groundball, 6M)
|
Bottom of the 6th over - 0 run(s), 1 hit(s), 0 error(s), 0 left on base; Northern Virginia 8 - Toledo 2 |
TOP OF THE 7TH |
Northern Virginia Retrievers batting - Pitching for Toledo Titans : RHP Ryoichi Maruyama
|
Batting: RHB Eddie O'Bryan
|
0-0: Ball 1-0: SINGLE (Line Drive, 9S)
|
Batting: LHB Rick Watson
|
0-0: Sac Bunt - play at first, batter OUT! 3-4 Eddie O'Bryan to second
|
Batting: RHB Jonah Moody
|
0-0: Ball 1-0: Ball 2-0: Foul Ball, location: 2F 2-1: Swinging Strike 2-2: Ball Wild Pitch! Eddie O'Bryan to third 3-2: Ground out 6-3 (Groundball, 6) Eddie O'Bryan scores
|
Batting: LHB Wayne Akers
|
0-0: Called Strike 0-1: Ball 1-1: Ball 2-1: SINGLE (Line Drive, 6M)
|
Batting: RHB Bob Heller
|
0-0: Called Strike 0-1: Ball 1-1: Ground out 6-3 (Groundball, 6)
|
Top of the 7th over - 1 run(s), 2 hit(s), 0 error(s), 1 left on base; Northern Virginia 9 - Toledo 2 |
BOTTOM OF THE 7TH |
Toledo Titans batting - Pitching for Northern Virginia Retrievers : RHP Natalino Golaio
|
Batting: LHB Chris West
|
0-0: Called Strike 0-1: Ball 1-1: Ball 2-1: Ball 3-1: Base on Balls
|
Batting: RHB Anthony Johnston
|
0-0: SINGLE (Line Drive, 6M) Chris West to second
|
Batting: LHB Tony Dyer
|
0-0: Fly out, F5 (Popup, 5DF)
|
Batting: RHB Charles Jordan
|
0-0: DOUBLE (Line Drive, 5L) Chris West scores Anthony Johnston to third Runner from 3rd tries for Home, SAFE, throw made home
|
Batting: LHB Yannick Hendriksen
|
0-0: Ground out 6-3 (Groundball, 6M) Charles Jordan to third
|
Batting: RHB Juan Orozco
|
0-0: Fly out, F7 (Line Drive, 78S)
|
Bottom of the 7th over - 2 run(s), 2 hit(s), 0 error(s), 1 left on base; Northern Virginia 9 - Toledo 4 |
TOP OF THE 8TH |
Northern Virginia Retrievers batting - Pitching for Toledo Titans : RHP Ryoichi Maruyama
|
Batting: SHB Ramiro Salazar
|
0-0: Ball 1-0: Ball 2-0: Ball 3-0: Base on Balls
|
Batting: LHB Keith Bridges
|
0-0: Foul Ball, location: 2F 0-1: Ball 1-1: Called Strike 1-2: Foul Ball, location: 2F 1-2: Grounds into double play, 6-4-3 (Groundball, 6M)
|
Batting: LHB Bartolo Benítez
|
0-0: Ball 1-0: Ball 2-0: Foul Ball, location: 2F 2-1: Foul Ball, location: 2F 2-2: Ground out 1-3 (Groundball, 15)
|
Top of the 8th over - 0 run(s), 0 hit(s), 0 error(s), 0 left on base; Northern Virginia 9 - Toledo 4 |
BOTTOM OF THE 8TH |
Toledo Titans batting - Pitching for Northern Virginia Retrievers : RHP Natalino Golaio
|
Batting: RHB Kade Knowles
|
0-0: Called Strike 0-1: Ball 1-1: Ground out 6-3 (Groundball, 6)
|
Batting: LHB Ismael Cabrera
|
0-0: Called Strike 0-1: Swinging Strike 0-2: Ball 1-2: Foul Ball, location: 2F 1-2: Strikes out swinging
|
Batting: SHB Mustapha Gonzales
|
0-0: Called Strike 0-1: Foul Ball, location: 2F 0-2: Ball 1-2: Ball 2-2: Fly out, F5 (Popup, 5)
|
Bottom of the 8th over - 0 run(s), 0 hit(s), 0 error(s), 0 left on base; Northern Virginia 9 - Toledo 4 |
TOP OF THE 9TH |
Northern Virginia Retrievers batting - Pitching for Toledo Titans : RHP Ryoichi Maruyama
|
Batting: LHB Marlon Randall
|
0-0: Ball 1-0: Ball 2-0: Swinging Strike 2-1: Called Strike 2-2: Ball 3-2: Base on Balls
|
Batting: RHB Eddie O'Bryan
|
0-0: Sac Bunt - play at first, batter OUT! 6-3 Marlon Randall to second
|
Batting: LHB Rick Watson
|
0-0: Swinging Strike 0-1: Foul Ball, location: 2F 0-2: Ground out 4-3 (Groundball, 4) Marlon Randall to third
|
Batting: RHB Jonah Moody
|
0-0: Ball 1-0: Ball 2-0: Ball 3-0: Base on Balls
|
Pitching: RHP Ramiro Germán
|
|
Batting: LHB Wayne Akers
|
0-0: Called Strike 0-1: Ball 1-1: SINGLE (Line Drive, 8RS) Marlon Randall scores Jonah Moody to second Runner from 2nd tries for 3rd, OUT!
|
Top of the 9th over - 1 run(s), 1 hit(s), 0 error(s), 1 left on base; Northern Virginia 10 - Toledo 4 |
BOTTOM OF THE 9TH |
Toledo Titans batting - Pitching for Northern Virginia Retrievers : RHP Natalino Golaio
|
Now at 2B: Matt Brown
|
|
Batting: LHB Chris West
|
0-0: Foul Ball, location: 2F 0-1: Ball 1-1: Swinging Strike 1-2: Foul Ball, location: 2F 1-2: Foul Ball, location: 2F 1-2: Strikes out swinging
|
Batting: RHB Anthony Johnston
|
0-0: Ball 1-0: Fly out, F8 (Flyball, 78M)
|
Batting: LHB Tony Dyer
|
0-0: Ball 1-0: Called Strike 1-1: Called Strike 1-2: Fly out, F8 (Popup, 6D)
|
Bottom of the 9th over - 0 run(s), 0 hit(s), 0 error(s), 0 left on base; Northern Virginia 10 - Toledo 4 |
|